 Dungeon Crawl Stone Soup version 0.25.1-2-g60ff931df9 (webtiles) character file.

Game seed: 14536409347015102641

139 Qrupt the Chopper (level 5, -1/48 HPs)
             Began as a Hill Orc Monk on Oct 12, 2020.
             Slain by an adder (4 damage)
             ... on level 2 of the Dungeon.
             The game lasted 00:05:40 (3387 turns).

Qrupt the Chopper (Hill Orc Monk)                   Turns: 3387, Time: 00:05:41

Health: -1/48      AC:  4    Str: 15    XL:     5   Next: 22%
Magic:  5/5        EV: 12    Int: 10    God:
Gold:   128        SH:  0    Dex: 13    Spells: 4/4 levels left

rFire    + . .     SeeInvis .   a - +0 hand axe
rCold    + . .     Gourm    .   (no shield)
rNeg     . . .     Faith    .   b - +0 robe
rPois    +         Spirit   .   (no helmet)
rElec    +         Reflect  .   k - +0 cloak
rCorr    +         Harm     .   (no gloves)
MR       .....                  g - +0 pair of boots
Stlth    ++........             (no amulet)
HPRegen  0.16/turn              d - ring of stealth
MPRegen  0.09/turn              (no ring)

@: lethally poisoned (-1 -> -12), resistant, drained
A: no striking features
a: no special abilities


You were on level 2 of the Dungeon.
You were very hungry.

You visited 1 branch of the dungeon, and saw 4 of its levels.

You collected 128 gold pieces.

Inventory:

Hand Weapons
 a - a +0 hand axe (weapon)
 e - a +2 hand axe of flaming
Missiles
 m - 2 atropa-tipped darts (quivered)
Armour
 b - a +0 robe (worn)
 g - a +0 pair of boots (worn)
 k - a +0 cloak (worn)
Jewellery
 d - a ring of stealth (left hand)
 n - a cursed ring of attention {unknown}
Scrolls
 f - 2 scrolls of amnesia {unknown}
 i - 4 scrolls of identify {unknown}
 j - a scroll of remove curse {unknown}
 p - a scroll of immolation {unknown}
Potions
 h - a potion of brilliance
Comestibles
 c - 7 rations


   Skills:
 + Level 5.0(3.9) Fighting
 + Level 5.4(4.3) Axes
 + Level 2.8(1.9) Armour
 - Level 2.4(1.4) Dodging
 - Level 1.5(0.6) Stealth


You had 4 spell levels left.
You didn't know any spells.
Your spell library contained the following spells:

 Spells                   Type           Power        Failure   Level  Hunger
 Summon Small Mammal      Summ           #...         36%         1    ##.....
 Call Imp                 Summ           #.......     50%         2    ###....
 Call Canine Familiar     Summ           #.......     75%         3    ####...
 Summon Guardian Golem    Hex/Summ       #.......     75%         3    ####...
 Summon Ice Beast         Ice/Summ       #.......     98%         4    #####..
 Summon Lightning Spire   Summ/Air       #.......     98%         4    #####..


Dungeon Overview and Level Annotations

Branches:
Dungeon (4/15)
 Temple: D:4-7

Altars:


Message History

* * * LOW HITPOINT WARNING * * *
You closely miss the adder.
The adder is moderately wounded.
You are feeling very hungry.
You feel sick. The adder bites you.
* * * LOW HITPOINT WARNING * * *
You are lethally poisoned!
The adder poisons you! The adder bites you.
* * * LOW HITPOINT WARNING * * *
You are more poisoned.
The adder poisons you!
It was a potion of resistance.
You feel protected.
* * * LOW HITPOINT WARNING * * *
You feel sick. The adder misses you.
Unknown command.
It was a potion of magic.
Magic courses through your body.
* * * LOW HITPOINT WARNING * * *
You feel sick. The adder bites you.
You die...

###.......# #..
####....# .. #..##
####.# !..#...#
###...# ...#...#
##.....#
.....###......#
#....##..###.#
#....#...# #.#
(####....#@..##..#
........))S....(.#
######.###########
... ..... #.....
...#### ###


You could see an adder.

Vanquished Creatures
  An orc wizard (D:3)
  A gnoll (D:2)
  3 adders
  A worm (D:3)
  2 dart slugs
  A leopard gecko (D:3)
  6 orcs (D:3)
  6 bats
  3 giant cockroaches
  14 goblins
  4 hobgoblins
  2 jackals (D:2)
  A quokka (D:2)
  A frilled lizard (D:2)
  6 kobolds
  5 rats
57 creatures vanquished.

Notes
Turn   | Place    | Note
-------+----------+-------------------------------------------
     0 | D:1      | Qrupt the Hill Orc Monk began the quest for the Orb.
     0 | D:1      | Reached XP level 1. HP: 19/19 MP: 1/1
   478 | D:1      | Reached XP level 2. HP: 27/27 MP: 2/2
   540 | D:1      | Reached skill level 1 in Armour
  1036 | D:2      | Reached XP level 3. HP: 32/33 MP: 3/3
  2137 | D:3      | Reached XP level 4. HP: 34/41 MP: 4/4
  2216 | D:3      | Reached skill level 5 in Axes
  3146 | D:4      | Noticed an ogre
  3181 | D:2      | Reached XP level 5. HP: 35/47 MP: 5/5
  3310 | D:2      | Reached skill level 5 in Fighting
  3387 | D:2      | Slain by an adder

Illustrated notes

Levels and vault maps discovered:
D:1:      minmay_arrival_jagged, layout_basic
D:2:      minmay_recursive_quarters, layout_rooms,
          chequers_ecumenical_altar_simple_redux
D:3:      layout_basic
D:4:      layout_gridville, minitemple, okawaru_altar_gauntlet_db,
          uniq_eustachio, uniq_crazy_yiuf_cottage, uniq_duvessa

Skill      XL: |  1  2  3  4  5 |
---------------+----------------+-----
Armour         | 1 2 |  2.8
Fighting       | 4 5 |  5.0
Axes           | 5 |  5.4
Dodging        | |  2.4
Stealth        | |  1.5

Action                   |  1- 3 |  4- 6 || total
-------------------------+-------+-------++-------
Melee: Hand axe          |   111 |   126 ||   237
Throw: Dart              |     2 |       ||     2
  Use: Potion            |       |     6 ||     6
 Stab: Sleeping          |     4 |     1 ||     5
  Eat: Chunk             |     4 |     3 ||     7
Armor: Robe              |    24 |    25 ||    49
Dodge: Dodged            |    82 |    73 ||   155
